 Dungeon Crawl Stone Soup version 0.32-a0-640-gc5db3fc80f (webtiles) character file.

Game seed: 2720489566323166681

235 mopl the Sneak (level 6, -3/28 HPs)
             Began as a Vine Stalker Enchanter on Mar 7, 2024.
             Was an Initiate of Nemelex Xobeh.
             Incinerated by a bombardier beetle (6 damage)
             ... with a burning spray
             ... on level 4 of the Dungeon.
             The game lasted 00:04:39 (3051 turns).

mopl the Sneak (Vine Stalker Enchanter)             Turns: 3051, Time: 00:04:40

Health: -3/28      AC:  5    Str: 11    XL:     6   Next: 5%
Magic:  0/12       EV: 12    Int: 17    God:    Nemelex Xobeh [......]
Gold:   183        SH:  0    Dex: 14    Spells: 4/12 levels left

rFire   . . .        a - +1 dagger
rCold   . . .        (no shield)
rNeg    . . .        b - +0 robe
rPois   .            s - +1 helmet
rElec   .            (no cloak)
rCorr   .            p - +0 pair of gloves
SInv    .            (no boots)
Will    .....        (no amulet)
Stlth   +            (no ring)
HPRegen 1.04/turn    (no ring)
MPRegen 0.13/turn

%: guardian spirit
@: on fire, glowing
A: fangs 2, regeneration 1, magic shield, antimagic bite, no potion heal 2
a: Renounce Religion, Draw Escape, Draw Destruction, Draw Summoning


You were on level 4 of the Dungeon.
You worshipped Nemelex Xobeh.
Nemelex Xobeh was noncommittal.
You visited 1 branch of the dungeon, and saw 4 of its levels.

You collected 183 gold pieces.

Inventory:

Hand Weapons
 a - a +1 dagger (weapon)
 n - a +0 rapier
 t - a +4 spear of freezing
Missiles
 o - 9 boomerangs
 v - 2 poisoned darts
Armour
 b - a +0 robe (worn)
 p - a +0 pair of gloves (worn)
 s - a +1 helmet (worn)
Wands
 A - a wand of flame (25)
Scrolls
 e - 4 scrolls of torment {unknown}
 f - 2 scrolls of immolation {unknown}
 h - a scroll of teleportation {unknown}
 i - 2 scrolls of fog {unknown}
 k - a scroll of vulnerability {unknown}
 l - 4 scrolls of identify {unknown}
 r - a scroll of amnesia {unknown}
 u - 2 scrolls of blinking {unknown}
 w - a scroll of acquirement {unknown}
 x - 2 scrolls of noise {unknown}
 y - a scroll of enchant armour {unknown}
Potions
 c - 2 potions of invisibility
 d - a potion of curing {unknown}
 g - a potion of enlightenment {unknown}
 j - 2 potions of haste {unknown}
 m - 2 potions of brilliance {unknown}
 q - 2 potions of attraction {unknown}
 z - a potion of might {unknown}


   Skills:
 + Level 2.1 Short Blades
 - Level 1.5 Dodging
 * Level 5.4 Stealth
 * Level 3.7 Spellcasting
 * Level 4.1 Hexes
 + Level 0.5 Invocations


You had 4 spell levels left.
You knew the following spells:

 Your Spells              Type           Power      Damage    Failure   Level
b - Ensorcelled Hibernat  Hex/Ice        20%        N/A       11%         2
c - Confusing Touch       Hex            17%        N/A       9%          3
d - Tukima's Dance        Hex            17%        N/A       9%          3

Your spell library contained the following spells:

 Spells                   Type           Power      Damage    Failure   Level
 Freeze                   Ice            12%        1d3       16%         1
 Shock                    Conj/Air       12%        1d3       16%         1
 Dazzling Flash           Conj/Hex       20%        N/A       21%         3
 Frozen Ramparts          Ice            6%         1d1       43%         3
 Hailstorm                Conj/Ice       3%         3d5       43%         3
 Swiftness                Air            3%         N/A       43%         3
 Airstrike                Air            1%         2d(1-17)  85%         4
 Conjure Ball Lightning   Conj/Air       1%         3x3d6     100%        6
 Discord                  Hex            8%         N/A       100%        8
 Disjunction              Tloc           1%         N/A       100%        8


Dungeon Overview and Level Annotations

Branches:
Dungeon (4/15)
 Temple: D:4-7

Altars:
Cheibriados
Nemelex Xobeh
Okawaru
Wu Jian


Innate Abilities, Weirdness & Mutations

You have extremely sharp teeth.
Your natural rate of healing is unusually fast.
When hurt, damage is shared between your health and your magic reserves.
Your bite disrupts and absorbs the magic of your enemies.
Potions cannot restore your health.


Message History

You hit the bombardier beetle.
The bombardier beetle is moderately wounded.
The liquid fire burns you!
You hit the bombardier beetle but do no damage.
You bite the bombardier beetle. You drain its power.
You feel invigorated.
The bombardier beetle is moderately wounded.
The liquid fire burns you!
The bombardier beetle sprays incendiary fluid at you.
The burning spray hits you.
You are even more covered in liquid fire!
Casting: Ensorcelled Hibernation (safe; 11% risk of failure)
Confirm with . or Enter, or press ? or * to list all spells.
Aiming: Ensorcelled Hibernation (safe; 11% risk of failure)
Press: ? - help, Shift-Dir - straight line, f/p - bombardier beetle
Aim: a bombardier beetle (moderately wounded, chance to affect: 44%)
The bombardier beetle resists with some effort.
The liquid fire burns you!
You hit the bombardier beetle but do no damage.
The bombardier beetle is moderately wounded.
The liquid fire burns you!
* * * LOW HITPOINT WARNING * * *
The bombardier beetle closely misses you.
Unknown command.
You barely miss the bombardier beetle.
You bite the bombardier beetle, but do no damage.
The bombardier beetle is moderately wounded.
The liquid fire burns you!
* * * LOW HITPOINT WARNING * * *
Unknown command.
You shake off some of the fire as you move.
The liquid fire burns you!
* * * LOW HITPOINT WARNING * * *
The bombardier beetle sprays incendiary fluid at you.
The burning spray hits you.
You are even more covered in liquid fire!
Unknown command.
You shake off some of the fire as you move.
The liquid fire burns you!
You die...
Your body disappears without additional glow.

:.....#.#..PP..PP.
...........PP..P..
..#....#..PP..PP.##
......###.P..PP...#
.....# #.P..PP._.#
)...#
#.P..PP.B.#####
#..#
#.PP..PP......# ..#
#..P..PP..###.# .##
##.PP..P@.# .#
#.......## ..
#.#.##### #.# #...#
.# #.####### .#
#........ ########.


You could see a bombardier beetle.

Vanquished Creatures
  A howler monkey (D:4)
  An iguana (D:4)
  A gnoll (D:1)
  5 adders
  2 dart slugs
  A ribbon worm (D:2)
  7 orcs
  7 endoplasms
  4 giant cockroaches
  14 hobgoblins
  8 jackals
  3 kobolds
  2 quokkas (D:1)
  7 ball pythons
  2 bats
  4 frilled lizards
  12 goblins
  6 rats
87 creatures vanquished.

Vanquished Creatures (collateral kills)
  Robin (D:2)
  A goblin (D:2)
2 creatures vanquished.

Grand Total: 89 creatures vanquished

Notes
Turn   | Place    | Note
-------+----------+-------------------------------------------
     0 | D:1      | mopl the Vine Stalker Enchanter began the quest for the
                  | Orb.
     0 | D:1      | Reached XP level 1. HP: 9/9 MP: 4/4
    38 | D:1      | Reached skill level 1 in Short Blades
    42 | D:1      | Reached XP level 2. HP: 13/13 MP: 3/6
    51 | D:1      | Learned a level 2 spell: Ensorcelled Hibernation
   408 | D:1      | Reached skill level 4 in Stealth
   408 | D:1      | Reached XP level 3. HP: 13/16 MP: 3/7
   414 | D:1      | Found a faded altar of an unknown god.
   801 | D:1      | Learned a level 3 spell: Confusing Touch
  1214 | D:2      | Reached skill level 3 in Spellcasting
  1214 | D:2      | Reached XP level 4. HP: 19/21 MP: 6/9
  1221 | D:2      | Learned a level 3 spell: Tukima's Dance
  1284 | D:2      | Noticed Robin
  1312 | D:2      | Killed Robin
  2119 | D:3      | Reached XP level 5. HP: 24/24 MP: 10/10
  2151 | D:3      | Reached skill level 5 in Stealth
  2345 | D:3      | Found an ornate altar of the Wu Jian Council.
  2783 | D:3      | Found a sparkling altar of Nemelex Xobeh.
  2787 | D:3      | Became a worshipper of Nemelex Xobeh the Trickster
  2973 | D:4      | Reached skill level 2 in Short Blades
  2973 | D:4      | Reached skill level 4 in Hexes
  2998 | D:4      | Found an iron altar of Okawaru.
  3008 | D:4      | Reached XP level 6. HP: 23/28 MP: 7/12
  3033 | D:4      | Found a snail-covered altar of Cheibriados.
  3051 | D:4      | Incinerated by a bombardier beetle

Illustrated notes

Levels and vault maps discovered:
D:1:      dpeg_arrival_arbitrary_c, layout_basic, shapermc_ecumenical_altar_gd
D:2:      layout_loops_corners, uniq_robin
D:3:      layout_basic, nemelex_dance_club_becter, nicolae_wu_jian_wuxing_cycle
D:4:      minmay_inner_zag, layout_loops_ring, lemuel_tele_altar,
          mainiacjoe_overflow_catch_the_wave, fedhas_ov_isle_minmay,
          kennysheep_cross_room, minmay_manual_moon

Skill      XL: |  1  2  3  4  5 |
---------------+----------------+-----
Short Blades   | 1 2 |  2.1
Stealth        | 4 5 |  5.4
Spellcasting   | 3 |  3.7
Hexes          | 4 |  4.1
Dodging        | |  1.5
Invocations    | |  0.5

Action                     |  1- 3 |  4- 6 || total
---------------------------+-------+-------++-------
  Melee: Dagger            |    94 |   190 ||   284
         Bite              |    17 |    44 ||    61
   Cast: Ensorcelled Hiber |     1 |    14 ||    15
         Tukima's Dance    |       |     2 ||     2
   Stab: Sleeping          |     8 |     8 ||    16
         Distracted        |       |     1 ||     1
 Armour: Robe              |    42 |   127 ||   169
  Dodge: Dodged            |    42 |   109 ||   151

Table legend: (Time is in decaauts)
 A = Elapsed time spent in this place.
 B = Non-inter-level travel time spent in this place.
 C = Inter-level travel time spent in this place.
 D = Time resting spent in this place.
 E = Time spent auto-exploring this place.
 F = Levels seen in this place.
 G = Mean time per level.
                   A        B        C        D        E       F      G
               +--------+--------+--------+--------+--------+-----+--------+
         Total |   3028 |   2936 |     92 |      0 |   2212 |   4 |  757.0 |
       Dungeon |   3028 |   2936 |     92 |      0 |   2212 |   4 |  757.0 |
               +--------+--------+--------+--------+--------+-----+--------+

Top non-repeatable levels by time:
     D:2: 1105 daAuts
     D:1: 971 daAuts
     D:3: 792 daAuts
     D:4: 158 daAuts
